 Dungeon Crawl Stone Soup version 0.31-a0-145-g046c7d2549 (webtiles) character file.

Game seed: 6997082019539601885

82 qw the Shooter (level 4, -2/38 HPs)
             Began as a Minotaur Hunter on June 7, 2023.
             Slain by Grinder (5 damage)
             ... on level 3 of the Dungeon.
             The game lasted 00:00:35 (1612 turns).

qw the Shooter (Minotaur Hunter)                    Turns: 1612, Time: 00:00:35

Health: -2/38      AC:  3    Str: 16    XL:     4   Next: 21%
Magic:  3/3        EV: 12    Int:  6    God:
Gold:   52         SH:  0    Dex: 15    Spells: 3/3 levels left

rFire   + + .        Y - +0 shortbow
rCold   . . .        (shield currently unavailable)
rNeg    . . .        c - +0 leather armour
rPois   .            (helmet restricted)
rElec   .            (no cloak)
rCorr   .            (no gloves)
SInv    .            (no boots)
Will    .....        h - amulet of faith
Stlth   +            g - ring of protection from fire
HPRegen 0.26/turn    i - ring of protection from fire
MPRegen 0.08/turn

%: faith
@: no status effects
A: horns 2, retaliatory headbutt
a: no special abilities


You were on level 3 of the Dungeon.
You visited 1 branch of the dungeon, and saw 3 of its levels.

You collected 52 gold pieces.


Innate Abilities, Weirdness & Mutations

You have a pair of horns on your head.
You reflexively headbutt those who attack you in melee.


   Skills:
 + Level 3.1 Fighting
 - Level 6.1 Ranged Weapons
 - Level 2.1 Dodging
 - Level 0.7 Stealth


You had 3 spell levels left.
You didn't know any spells.
Your spell library was empty.

Inventory:

Hand Weapons
 Y - a +0 shortbow (weapon)
Armour
 c - a +0 leather armour (worn)
Jewellery
 g - a ring of protection from fire (left hand)
 h - an amulet of faith (around neck)
 i - a ring of protection from fire (right hand)
Scrolls
 a - a scroll of identify
Potions
 b - a potion of might {unknown}
 e - a potion of curing {unknown}
 f - a potion of magic {unknown}

Dungeon Overview and Level Annotations

Branches:
Dungeon (3/15)

Altars:

Shops:
D:1 *

Annotations:
D:3 Grinder


Message History

Grinder hits you but does no damage.
You shoot an arrow. The arrow hits Grinder.
Grinder is lightly wounded.
Grinder gestures at you. Pain shoots through your body!
You shoot an arrow. The arrow closely misses Grinder.
Grinder gestures at you. Pain shoots through your body!
You shoot an arrow. The arrow closely misses Grinder.
Grinder closely misses you. You furiously retaliate!
You headbutt Grinder. You shoot an arrow. The arrow barely misses Grinder.
Grinder blinks!
You start resting.
Grinder is nearby!
You shoot an arrow. The arrow hits Grinder.
Grinder is moderately wounded.
You shoot an arrow.
The arrow hits Grinder but does no damage.
Grinder is moderately wounded.
Grinder says, "Make like a tree!"
Grinder gestures at you. Pain shoots through your body!
You shoot an arrow.
The arrow hits Grinder but does no damage.
Grinder is moderately wounded.
You shoot an arrow.
The arrow hits Grinder but does no damage.
Grinder is moderately wounded.
Grinder hits you.
You writhe in agony.
You shoot an arrow. The arrow hits Grinder.
Grinder is moderately wounded.
Grinder closely misses you.
You shoot an arrow. The arrow hits Grinder.
Grinder is moderately wounded.
Grinder hits you but does no damage.
You shoot an arrow. The arrow closely misses Grinder.
Grinder hits you!
You writhe in agony.
You shoot an arrow. The arrow closely misses Grinder.
Grinder hits you.
You die...

#.### .....
....# #.#.#
#.#.# #.#.#
#.......# #.#5#
#.......# #.@.##
#.......# #.#..#
#.......#
#$##.###.......#
#. #...........#
.. #...........#
.. +...........#
###
#...##...##.##
#..)####.....###
#...# ####.....


You could see Grinder.

Vanquished Creatures
  3 adders
  3 dart slugs
  3 ball pythons (D:1)
  3 endoplasms
  5 giant cockroaches
  A goblin (D:2)
  6 hobgoblins (D:1)
  5 kobolds
  3 quokkas (D:1)
  3 bats
  7 frilled lizards
  4 rats
46 creatures vanquished.

Notes
Turn   | Place    | Note
-------+----------+-------------------------------------------
     0 | D:1      | qw the Minotaur Hunter began the quest for the Orb.
     0 | D:1      | Reached XP level 1. HP: 18/18 MP: 0/0
     0 | D:1      | 0 ||| qw: Version: 0.2-a-117-gc6b5c8b
     0 | D:1      | 0 ||| qw: Game counter: 2438
     0 | D:1      | 0 ||| qw: Always use a shield: true
     0 | D:1      | 0 ||| qw: God list: Okawaru
     0 | D:1      | 0 ||| qw: Allow faded altars: false
     0 | D:1      | 0 ||| qw: Do Orc after D:15 true
     0 | D:1      | 0 ||| qw: Do second Lair branch before Depths: true
     0 | D:1      | 0 ||| qw: Lair rune preference: random
     0 | D:1      | 0 ||| qw: Plans: Normal
     0 | D:1      | 0 ||| PLANNING D:1-11
    68 | D:1      | 68 ||| FLEEEEING.
    69 | D:1      | 69 ||| FLEEEEING.
    70 | D:1      | 70 ||| FLEEEEING.
    71 | D:1      | 71 ||| FLEEEEING.
    72 | D:1      | 72 ||| FLEEEEING.
    90 | D:1      | Reached XP level 2. HP: 20/25 MP: 1/1
   136 | D:1      | Reached skill level 5 in Ranged Weapons
   147 | D:1      | Reached skill level 3 in Fighting
   149 | D:1      | HP: 5/26 [endoplasm (2)]
   150 | D:1      | HP: 1/26 [frozen (4)]
   282 | D:1      | Found Huad's Assorted Antiques.
   290 | D:1      | 290 ||| SHOPLISTING 3 scrolls labelled SUNAEF PIOJIAF (69
                  | gold, have 0).
   290 | D:1      | 290 ||| SHOPLISTING fuming inky potion (20 gold, have 0).
   290 | D:1      | 290 ||| SHOPLISTING runed brass wand (92 gold, have 0).
   290 | D:1      | 290 ||| SHOPLISTING sapphire potion (20 gold, have 0).
   290 | D:1      | 290 ||| SHOPLISTING scroll labelled GAELOF MEDU (23 gold,
                  | have 0).
   290 | D:1      | 290 ||| SHOPLISTING scroll labelled YVUNACVOEHUI (23 gold,
                  | have 0).
   326 | D:1      | You fall into a shaft and drop 1 floor!
   445 | D:2      | 445 ||| READING 2 scrolls labelled FOESIE WUEGHIS.
   446 | D:2      | 446 ||| READING scroll labelled YSACISS HAWA.
   447 | D:2      | 447 ||| READING scroll labelled ROICKI PIWK.
   448 | D:2      | 448 ||| DROPPING scroll of butterflies.
   493 | D:1      | Reached XP level 3. HP: 31/31 MP: 2/2
   876 | D:2      | 876 ||| STAIRDANCE
  1096 | D:2      | Found a faded altar of an unknown god.
  1320 | D:2      | Reached XP level 4. HP: 36/38 MP: 3/3
  1421 | D:2      | 1421 ||| UPGRADING to amulet of faith.
  1426 | D:2      | 1426 ||| UPGRADING to ring of protection from fire.
  1427 | D:2      | 1427 ||| UPGRADING to ring of protection from fire.
  1428 | D:2      | 1428 ||| READING scroll labelled GAELOF MEDU.
  1522 | D:3      | Reached skill level 6 in Ranged Weapons
  1597 | D:3      | Noticed Grinder
  1611 | D:3      | HP: 9/38 [Grinder (9)]
  1611 | D:3      | HP: 3/38 [Grinder (6)]
  1612 | D:3      | Slain by Grinder

Levels and vault maps discovered:
D:1:      ebering_trefoil_twist, layout_basic, serial_shops,
          nicolae_shop_tiny_statue_garden
D:2:      layout_basic, hellmonk_ecumenical_altar_inner_sanctum
D:3:      layout_basic, tso_altar, patterned_corridor, uniq_grinder

Skill      XL: |  1  2  3  4 |
---------------+-------------+-----
Ranged Weapons | 5 6 |  6.1
Fighting       | 3 |  3.1
Dodging        | |  2.1
Stealth        | |  0.7

Action                     |  1- 3 |  4- 6 || total
---------------------------+-------+-------++-------
   Fire: Shortbow          |    99 |    32 ||   131
    Use: Scroll            |     3 |     1 ||     4
 Armour: Leather armour    |    12 |     3 ||    15
  Dodge: Dodged            |    35 |     7 ||    42

Table legend:
 A = Non-vault XP
 B = Vault XP
 C = Vault XP percentage of total XP
 D = Non-vault monster count
 E = Vault monster count
 F = Vault count percentage of total count
                 A         B        C        D         E       F
            +---------+---------+-------+---------+---------+-------
      Total |     118 |       0 |   0.0 |      46 |       0 |   0.0
            +---------+---------+-------+---------+---------+-------
        D:1 |      68 |       0 |   0.0 |      31 |       0 |   0.0
        D:2 |      31 |       0 |   0.0 |      10 |       0 |   0.0
        D:3 |      19 |       0 |   0.0 |       5 |       0 |   0.0
            +---------+---------+-------+---------+---------+-------
